 Dungeon Crawl Stone Soup version 0.30-a0-718-geaa24f58ff (webtiles) character file.

Game seed: 6990217208545934734

574 purpskrrrp the Shooter (level 7, -2/54 HPs)
             Began as a Formicid Hunter on Jan 25, 2023.
             Engulfed by a cloud of flame (28 damage)
             ... on level 4 of the Dungeon.
             The game lasted 00:03:41 (2853 turns).

purpskrrrp the Shooter (Formicid Hunter)            Turns: 2853, Time: 00:03:42

Health: -2/54      AC:  3    Str: 16    XL:     7   Next: 61%
Magic:  7/7        EV: 13    Int:  8    God:
Gold:   124        SH:  0    Dex: 19    Spells: 6/6 levels left

rFire   . . .      SeeInvis +    a - +0 shortbow
rCold   . . .      Faith    .    (no shield)
rNeg    . . .      Spirit   .    c - +0 leather armour
rPois   .          Reflect  .    (helmet unavailable)
rElec   .          Harm     .    (no cloak)
rCorr   .          Rampage  .    (no gloves)
Will    .....                    (no boots)
Stlth   +++                      (no amulet)
HPRegen 0.29/turn                (no ring)
MPRegen 0.10/turn                (no ring)

@: no status effects
A: permanent stasis, dig shafts and tunnels, antennae 3, four strong arms
a: Dig, Shaft Self


You were on level 4 of the Dungeon.
You visited 1 branch of the dungeon, and saw 5 of its levels.

You collected 124 gold pieces.

Inventory:

Hand Weapons
 a - a +0 shortbow (weapon)
Missiles
 q - 2 throwing nets
Armour
 c - a +0 leather armour (worn)
Wands
 j - a wand of quicksilver (4)
Scrolls
 b - a scroll of immolation
 g - a scroll of fog
Potions
 d - a potion of berserk rage {unknown}
 e - 3 potions of degeneration
 i - a potion of magic {unknown}
 m - a potion of lignification {unknown}
 n - a potion of mutation {unknown}
 o - a potion of curing {unknown}
 p - 2 potions of attraction


   Skills:
 + Level 4.1 Fighting
 * Level 6.3 Ranged Weapons
 + Level 3.5 Dodging
 + Level 4.5 Stealth


You had 6 spell levels left.
You didn't know any spells.
Your spell library was empty.

Dungeon Overview and Level Annotations

Branches:
Dungeon (5/15)
 Temple: D:4-7

Altars:

Shops:
D:5 !

Annotations:
D:3 3 runed translucent doors, browni3141's ghost, amateur NaSu


Innate Abilities, Weirdness & Mutations

You cannot be hasted, slowed, berserked, paralysed or teleported.
You can dig through walls and to a lower floor.
You have a pair of large antennae on your head. (SInv)
Your four strong arms can wield two-handed weapons with a shield.


Message History

A lemure comes into view.
You shoot an arrow. The arrow barely misses Pikel.
The lemure shouts!
The arrow hits the lemure.
The lemure is lightly wounded.
You shoot an arrow. The arrow hits Pikel.
Flame seeps out of Pikel.
Pikel is moderately wounded.
Pikel is engulfed in blazing flames.
Flame seeps out of Pikel.
Pikel hits you with a +1 whip of flaming.
Pikel burns you.
A jelly comes into view.
You shoot an arrow.
The arrow hits Pikel but does no damage.
Pikel is heavily wounded.
Pikel is engulfed in blazing flames.
Flame seeps out of Pikel.
Pikel misses you.
You shoot an arrow. The arrow closely misses Pikel.
The arrow hits the lemure but does no damage.
You hear the slow rusting of a very distant drain.
A scorpion comes into view.
Pikel is engulfed in blazing flames.
Flame seeps out of Pikel.
Pikel misses you.
You shoot an arrow. The arrow hits Pikel.
Flame seeps out of Pikel.
Pikel is almost dead.
Pikel is engulfed in blazing flames.
Flame seeps out of Pikel.
Pikel misses you.
Pikel is engulfed in blazing flames.
With Pikel's spell broken, his former minions thank you for their freedom.
The lemure departs this earthly plane. x2
Pikel explodes!
The fiery explosion engulfs you!!
You hear an angry hiss.
Your Fighting skill increases to level 4!
Your Ranged Weapons skill increases to level 6!
Your Dodging skill increases to level 3!
Your Stealth skill increases to level 4!
You have reached level 6!
You have reached level 7!
You are engulfed in blazing flames.
Ouch! That really hurt!
You die...

#. . # ##.# ####
.§s . ... ... #§#
.###.## #.. {#§#
.#....# #.# # #.#
.#.#..# #.##.# #.#
.#.#..###....# #§#
.#........######@#
.###..#........§§#
......#.#.########
.###.##.#.#
........#.#
..#..####..
....(...... {
#........###
##.>.....#


You could see a scorpion.

Vanquished Creatures
  Pikel (D:4)
  A lemure (D:4)
  Jessica (D:2)
  3 adders
  A dart slug (D:1)
  7 orcs (D:3)
  6 ball pythons
  4 endoplasms
  2 giant cockroaches
  5 goblins
  7 hobgoblins
  6 jackals
  6 kobolds
  6 quokkas
  9 bats
  6 frilled lizards
  5 rats
76 creatures vanquished.

Notes
Turn   | Place    | Note
-------+----------+-------------------------------------------
     0 | D:1      | purpskrrrp the Formicid Hunter began the quest for the Orb.
     0 | D:1      | Reached XP level 1. HP: 16/16 MP: 1/1
    66 | D:1      | Reached XP level 2. HP: 17/23 MP: 2/2
   389 | D:1      | Reached XP level 3. HP: 28/28 MP: 3/3
  1197 | D:2      | Reached XP level 4. HP: 34/34 MP: 4/4
  1600 | D:2      | Noticed Jessica
  1614 | D:2      | Killed Jessica
  1853 | D:3      | Reached XP level 5. HP: 41/41 MP: 5/5
  2043 | D:3      | Reached skill level 5 in Ranged Weapons
  2121 | D:3      | Found a runed translucent gate.
  2121 | D:3      | Found a runed translucent gate.
  2123 | D:3      | Found a runed translucent gate.
  2125 | D:3      | Noticed browni3141's ghost (amateur NaSu)
  2756 | D:4      | You fall into a shaft and drop 1 floor!
  2756 | D:5      | Entered Level 5 of the Dungeon
  2756 | D:5      | Found Xaycuma's Distillery.
  2841 | D:4      | Noticed a lemure
  2842 | D:4      | Noticed a lemure
  2844 | D:4      | Noticed Pikel
  2845 | D:4      | Killed a lemure
  2847 | D:4      | Noticed a lemure
  2852 | D:4      | Killed Pikel
  2853 | D:4      | Reached skill level 6 in Ranged Weapons
  2853 | D:4      | Reached XP level 6. HP: 23/48 MP: 6/6
  2853 | D:4      | Reached XP level 7. HP: 26/54 MP: 7/7
  2853 | D:4      | Engulfed by a cloud of flame

Illustrated notes

Levels and vault maps discovered:
D:1:      psy_arrival_basics, layout_basic
D:2:      layout_loops_ring, skrybe_limestone_x, uniq_jessica
D:3:      layout_basic, gammafunk_ghost_necromancy, grunt_decor_one_mirror
D:4:      layout_basic, grunt_qazlal_sundering, cheibrodos_sewer_entry_bend,
          uniq_pikel, uniq_ijyb
D:5:      minmay_goblin_kobold_castle, layout_basic,
          mainiacjoe_overflow_two_lobes, serial_shops, nicolae_shop_stone,
          kennysheep_cluttered_room, nicolae_goblin_pals

Skill      XL: |  1  2  3  4  5 |
---------------+----------------+-----
Dodging        | 2 3 |  3.5
Stealth        | 2 4 |  4.5
Fighting       | 3 4 |  4.1
Ranged Weapons | 6 |  6.3

Action                     |  1- 3 |  4- 6 |  7- 9 || total
---------------------------+-------+-------+-------++-------
   Fire: Shortbow          |    85 |   124 |       ||   209
    Use: Scroll            |       |     8 |       ||     8
 Armour: Leather armour    |    16 |    12 |       ||    28
  Dodge: Dodged            |    34 |    33 |       ||    67

Table legend: (Time is in decaauts)
 A = Elapsed time spent in this place.
 B = Non-inter-level travel time spent in this place.
 C = Inter-level travel time spent in this place.
 D = Time resting spent in this place.
 E = Time spent auto-exploring this place.
 F = Levels seen in this place.
 G = Mean time per level.
                   A        B        C        D        E       F      G
               +--------+--------+--------+--------+--------+-----+--------+
         Total |   2915 |   2803 |    112 |      0 |   2348 |   5 |  583.0 |
       Dungeon |   2915 |   2803 |    112 |      0 |   2348 |   5 |  583.0 |
               +--------+--------+--------+--------+--------+-----+--------+

Top non-repeatable levels by time:
     D:3: 981 daAuts
     D:1: 966 daAuts
     D:2: 863 daAuts
     D:4: 54 daAuts
     D:5: 48 daAuts
